 Dungeon Crawl Stone Soup version 0.30-a0-953-g5f1da4a474 (webtiles) character file.

Game seed: 2285198384280851389

949 cforsyth the Cudgeller (level 8, -1/64 (65) HPs)
             Began as a Formicid Fighter on Mar 28, 2023.
             Was an Initiate of Ru.
             Slain by a wight
             ... wielding a +3 dire flail
              (7 damage)
             ... on level 5 of the Dungeon on Mar 29, 2023.
             The game lasted 00:05:46 (4600 turns).

cforsyth the Cudgeller (Formicid Fighter)           Turns: 4600, Time: 00:05:47

HP:   -1/64 (65)    AC: 17    Str: 24    XL:     8   Next: 35%
MP:   8/8           EV:  6    Int:  7    God:    Ru [......]
Gold: 279           SH:  5    Dex: 13    Spells: 7/7 levels left

rFire   . . .      SeeInvis +    a - +0 flail
rCold   . . .      Faith    .    c - +0 buckler
rNeg    + . .      Spirit   .    j - +3 plate armour of Trumpets {Harm +Blink}
rPois   .          Reflect  .    (helmet unavailable)
rElec   .          Rampage  .    (no cloak)
rCorr   .          Harm     + .  o - +2 pair of gloves
Will    +....                    (no boots) Stlth
                                 (no amulet)
HPRegen 0.30/turn                e - ring of willpower
MPRegen 0.11/turn                u - ring of positive energy

@: lightly drained
A: permanent stasis, dig shafts and tunnels, antennae 3, four strong arms
a: Dig, Shaft Self, Renounce Religion


You were on level 5 of the Dungeon.
You worshipped Ru.
Ru was noncommittal.
You visited 2 branches of the dungeon, and saw 7 of its levels.

You collected 279 gold pieces.

Inventory:

Hand Weapons
 a - a +0 flail (weapon)
Armour
 b - a +0 scale mail
 c - a +0 buckler (worn)
 j - the +3 plate armour of Trumpets (worn) {Harm +Blink}
   (You found it on level 2 of the Dungeon)

   +Blink:    It lets you blink.
   Harm:      It increases damage dealt and taken.
 o - a +2 pair of gloves (worn)
Jewellery
 e - a ring of willpower (left hand)
 t - a +6 ring of intelligence
 u - a ring of positive energy (right hand)
Scrolls
 g - 3 scrolls of teleportation {unknown}
 i - 3 scrolls of identify {unknown}
 k - 2 scrolls of magic mapping {unknown}
 l - a scroll of immolation {unknown}
 p - a scroll of fear {unknown}
 r - a scroll of vulnerability {unknown}
 v - a scroll of amnesia {unknown}
Potions
 d - 2 potions of might
 f - 3 potions of haste {unknown}
 h - 3 potions of flight {unknown}
 m - 3 potions of heal wounds {unknown}
 n - a potion of attraction {unknown}
 q - a potion of brilliance {unknown}
 s - a potion of magic {unknown}


   Skills:
 + Level 6.6 Fighting
 * Level 7.7 Maces & Flails
 - Level 3.2 Armour
 - Level 4.0 Shields


You had 7 spell levels left.
You didn't know any spells.
Your spell library was empty.

Dungeon Overview and Level Annotations

Branches:
Dungeon (6/15)             Temple (1/1) D:4

Altars:
Dithmenos
Kikubaaqudgha
Makhleb
Qazlal
Ru
Trog
Uskayaw
Vehumet
Xom
Yredelemnul
Zin
The Shining One

Annotations:
D:4 3 runed translucent doors, sugarbear's ghost, amateur VSGl


Innate Abilities, Weirdness & Mutations

You cannot be hasted, slowed, berserked, paralysed or teleported.
You can dig through walls and to a lower floor.
You have a pair of large antennae on your head. (SInv)
Your four strong arms can wield two-handed weapons with a shield.


Message History

The wight completely misses you.
Your life force feels restored.
You block the wight's attack.
Things that are here:
a +5 dire flail; a +0 robe You hit the wight.
The wight is lightly damaged.
You block the wight's attack.
You hit the wight.
The wight is heavily damaged.
The wight hits you with a +3 dire flail!
* * * LOW HITPOINT WARNING * * *
You barely miss the wight.
The wight is heavily damaged.
The wight hits you but does no damage.
You closely miss the wight.
The wight is heavily damaged.
The wight hits you but does no damage.
You hit the wight but do no damage.
The wight is heavily damaged.
The wight hits you but does no damage.
You hit the wight.
The wight is heavily damaged.
The wight hits you but does no damage.
You closely miss the wight.
The wight is heavily damaged.
The wight hits you with a +3 dire flail!
* * * LOW HITPOINT WARNING * * *
You partially resist.
You feel drained.
* * * LOW HITPOINT WARNING * * *
You hit the wight but do no damage.
The wight is heavily damaged.
You block the wight's attack.
You barely miss the wight.
The wight is heavily damaged.
The wight hits you but does no damage.
You hit the wight.
The wight is severely damaged.
The wight hits you with a +3 dire flail.
You die...

..#.......#
..#.......#
..#.......#
###......|#
..........#########
..................#
..................#
..................#
...#####+#......@.#
#'##.....#......z>#
.........##'#######
.................#
.................#
..#########......#
..#.......########
..#.......#......#
..#.......'......#


You could see a wight.

Vanquished Creatures
  Grinder (D:3)
  2 phantoms (D:5)
  A scorpion (D:4)
  2 wights
  A howler monkey (D:5)
  2 jellies
  A gnoll bouda (D:4)
  A hound (D:5)
  An orc wizard (D:3)
  2 iguanas (D:5)
  5 adders
  7 gnolls
  3 worms
  A dart slug (D:4)
  14 orcs
  4 ball pythons
  2 bats (D:2)
  9 endoplasms
  2 giant cockroaches (D:1)
  5 goblins
  6 hobgoblins
  2 jackals (D:2)
  6 kobolds
  13 frilled lizards
  7 rats
100 creatures vanquished.

Vanquished Creatures (others)
  8 plants
8 creatures vanquished.

Grand Total: 108 creatures vanquished

Notes
Turn   | Place    | Note
-------+----------+-------------------------------------------
     0 | D:1      | cforsyth the Formicid Fighter began the quest for the Orb.
     0 | D:1      | Reached XP level 1. HP: 18/18 MP: 1/1
    67 | D:1      | Reached XP level 2. HP: 24/24 MP: 2/2
   584 | D:1      | Reached XP level 3. HP: 12/29 MP: 3/3
   761 | D:1      | Found a faded altar of an unknown god.
   861 | D:2      | Reached skill level 3 in Maces & Flails
   986 | D:2      | Identified the +3 plate armour of Trumpets {Harm +Blink}
  1235 | D:2      | Reached XP level 4. HP: 18/37 MP: 4/4
  1339 | D:2      | Found an ancient bone altar of Kikubaaqudgha.
  1635 | D:3      | Found a glowing golden altar of the Shining One.
  1644 | D:3      | Reached skill level 4 in Maces & Flails
  1721 | D:3      | Reached XP level 5. HP: 41/42 MP: 5/5
  1967 | D:3      | Found an ancient bone altar of Kikubaaqudgha.
  2081 | D:3      | Noticed Grinder
  2095 | D:3      | Killed Grinder
  2096 | D:3      | Reached skill level 5 in Fighting
  2096 | D:3      | Reached skill level 5 in Maces & Flails
  2096 | D:3      | Reached XP level 6. HP: 51/51 MP: 6/6
  2442 | D:4      | Found a staircase to the Ecumenical Temple.
  2566 | Temple   | Entered the Ecumenical Temple
  2712 | Temple   | Became a worshipper of Ru the Awakened
  2865 | D:4      | Reached XP level 7. HP: 49/56 MP: 7/7
  2874 | D:4      | Found a glowing silver altar of Zin.
  2992 | D:4      | Found a runed translucent gate.
  2992 | D:4      | Found a runed translucent gate.
  2992 | D:4      | Found a runed translucent gate.
  2993 | D:4      | Noticed sugarbear's ghost (amateur VSGl)
  3069 | D:4      | Reached skill level 6 in Maces & Flails
  3146 | D:4      | Found a hide-covered altar of Uskayaw.
  3430 | D:5      | Entered Level 5 of the Dungeon
  3508 | D:5      | Found a basalt altar of Yredelemnul.
  3850 | D:5      | Reached skill level 7 in Maces & Flails
  3914 | D:5      | Reached XP level 8. HP: 64/64 MP: 8/8
  4600 | D:5      | Slain by a wight

Illustrated notes

Levels and vault maps discovered:
D:1:      dpeg_arrival_rooms_c, layout_basic, dilly_ecumenical_altar_fadedgnrine
D:2:      layout_basic, basic_altar
D:3:      layout_basic, mainiacjoe_overflow_catwalk, old_standard_altar,
          serial_bayou_pond_e, minmay_lizard_king, uniq_grinder
D:4:      layout_basic, kennysheep_mini_moat, mainiacjoe_overflow_brackets,
          minmay_temple_entry_glassed_door, gammafunk_ghost_necromancy,
          kennysheep_generic_room_3
D:5:      layout_gridville, yredelemnul_altar_generic, fountainhead,
          nrook_pool_corridor
D:6:      layout_cave_pools, chequers_temple_overflow_minitemple,
          nzn_wu_jian_council_hall, minmay_ruined_shrine
Temple:   dpeg_chambers_temple

Skill      XL: |  1  2  3  4  5  6  7 |
---------------+----------------------+-----
Maces & Flails | 3 4 5 7 |  7.7
Fighting       | 4 5 6 |  6.6
Armour         | |  3.2
Shields        | |  4.0

Action                     |  1- 3 |  4- 6 |  7- 9 || total
---------------------------+-------+-------+-------++-------
  Melee: Flail             |   104 |   108 |   132 ||   344
 Invoke: Reject Sacrifices |       |       |     1 ||     1
 Armour: Scale mail        |    39 |       |       ||    39
         Plate armour      |    36 |    63 |    79 ||   178
  Dodge: Dodged            |    55 |    31 |    35 ||   121
  Block: Buckler           |    36 |    24 |    29 ||    89

Table legend: (Time is in decaauts)
 A = Elapsed time spent in this place.
 B = Non-inter-level travel time spent in this place.
 C = Inter-level travel time spent in this place.
 D = Time resting spent in this place.
 E = Time spent auto-exploring this place.
 F = Levels seen in this place.
 G = Mean time per level.
                   A        B        C        D        E       F      G
               +--------+--------+--------+--------+--------+-----+--------+
         Total |   4670 |   4527 |    143 |    233 |   3355 |   7 |  667.1 |
       Dungeon |   4497 |   4382 |    115 |    233 |   3251 |   6 |  749.5 |
        Temple |    173 |    146 |     27 |      0 |    104 |   1 |  173.0 |
               +--------+--------+--------+--------+--------+-----+--------+

Top non-repeatable levels by time:
     D:4: 1096 daAuts
     D:5: 934 daAuts
     D:3: 865 daAuts
     D:1: 827 daAuts
     D:2: 723 daAuts
  Temple: 173 daAuts
     D:6: 50 daAuts
